AoeStats
← 海峡

Arabia

507928427Analyzed
1v1 RM · 13d ago on Sep 20, 2026· 33m 37s· 2 players
Game mode
Random Map
Map size
Tiny (2 player)
Population
200
Speed
Normal
Resources
Standard
Victory
Conquest
Starting age
Dark Age
Ending age
Imperial Age
RankedLock teamsTeams togetherTeam positionsShared explorationLock speedFull tech treeHidden civsTurbo modeCheats
Victory
Defeat
🇭🇰 Goths · Hong Kong SAR China
1599
+19
🇨🇳 Goths · China
1658
-19
MJAI
9:56 Feudal Age
8:16 Loom
10:02 Feudal Age
10:41 Double-Bit Axe
16:52 Town Watch
17:52 Fletching
18:14 Gold Mining
21:04 Castle Age
19:30 Padded Archer Armor
20:44 Horse Collar
21:15 Crossbowman
21:57 Bodkin Arrow
24:47 Leather Archer Armor
29:15 Scale Barding Armor
31:30 Bloodlines
33:17 Husbandry
海峡
0:59 Loom
9:09 Feudal Age
9:33 Man-at-Arms
12:10 Double-Bit Axe
13:57 Horse Collar
16:14 Scale Barding Armor
16:24 Forging
17:50 Scale Barding Armor
21:11 Wheelbarrow
22:43 Castle Age
21:18 Scale Mail Armor
22:02 Gold Mining
22:49 Long Swordsman
23:36 Squires
27:01 Heavy Plow
29:41 Wheelbarrow
30:37 Bow Saw
36:08 Imperial Age
Connection lost

Rejoining the realm…

Still unreachable

The connection could not be restored.

Session expired

The server has moved on; the page needs a fresh start.